 Dungeon Crawl Stone Soup version 0.24-a0-586-g8e0e932a4c (webtiles) character file.

Game seed: 2003585357004874850, levelgen mode: deterministic

196 MordorOrchid the Sneak (level 5, 0/36 HPs)
             Began as an Octopode Fighter on Sept 8, 2019.
             Was an Initiate of Zin.
             Succumbed to an adder's poison
             ... on level 3 of the Dungeon.
             The game lasted 00:07:22 (2287 turns).

MordorOrchid the Sneak (Octopode Fighter)           Turns: 2287, Time: 00:07:23

Health: 0/36       AC:  1    Str: 14 (16) XL:     5   Next: 75%
Magic:  5/5        EV: 11    Int:  8 (11) God:    Zin [......]
Gold:   76         SH:  8    Dex:  8 (11) Spells: 4/4 levels left

rFire    . . .     SeeInvis .   a - +0 trident
rCold    . . .     Gourm    .   b - +0 shield
rNeg     . . .     Faith    .   (helmet restricted)
rPois    .         Spirit   .   (no amulet)
rElec    .         Reflect  .   (no ring)
rCorr    .         Harm     .   (no ring)
MR       .....                  (no ring)
Stlth    +++.......             (no ring)
HPRegen  0.12/turn              (no ring)
MPRegen  0.09/turn              (no ring)
                                (no ring)
                                (no ring)

@: lethally poisoned (0 -> -2), berserk cooldown, slowed, very slow
A: almost no armour, stealthy swim, amphibious, 8 rings, constrict 8, camouflage
1, gelatinous body 1
a: Donate Gold, Renounce Religion


You were on level 3 of the Dungeon.
You worshipped Zin.
Zin was noncommittal.
You were not hungry.

You visited 1 branch of the dungeon, and saw 3 of its levels.

You collected 84 gold pieces.
You donated 8 gold pieces to Zin.

Inventory:

Hand Weapons
 a - a +0 trident (weapon)
 y - a +0 dagger
Missiles
 g - a javelin (quivered)
 h - 24 bolts
 k - 39 sling bullets
 p - 5 boomerangs
Armour
 b - a +0 shield (worn)
Scrolls
 e - a scroll of noise {unknown}
 i - 2 scrolls of enchant weapon {unknown}
 j - a scroll of immolation {unknown}
 l - a scroll of remove curse
 n - a scroll of teleportation
 q - a scroll of fog {unknown}
Potions
 c - 2 potions of might
Comestibles
 d - 6 rations


   Skills:
 - Level 3.0 Fighting
 * Level 4.0 Polearms
 + Level 3.6 Dodging
 * Level 4.3 Stealth
 + Level 3.3 Shields


You had 4 spell levels left.
You didn't know any spells.
Your spell library was empty.

Dungeon Overview and Level Annotations

Branches:
Dungeon (3/15)

Altars:
Uskayaw
Zin


Innate Abilities, Weirdness & Mutations

You cannot wear most types of armour.
You are very stealthy in the water. (Stealth+)
You are amphibious.
You can wear up to eight rings at the same time.
You can use your tentacles to constrict eight enemies at once.
Your skin changes colour to match your surroundings (Stealth+).
Your rubbery body absorbs attacks. (AC +1, EV +1)


Message History

You hit the orc.
The orc is almost dead.
You constrict the orc.
You kill the orc!
* * * LOW HITPOINT WARNING * * *
You feel sick.
Items here: )))) [[ Unknown command.
Items here: )))) [[ Unknown command.
Unknown command.
You feel a strong urge to attack something.
You see here an adder corpse.
You are no longer berserk.
You are exhausted.
You feel yourself slow down.
* * * LOW HITPOINT WARNING * * *
You feel sick.
All of the chunks of flesh in your inventory have rotted away.
You die...

#. #.# ### #g #.# #.# ###. #.#
#.# ... #.# #.####
#..###(#####.###########.....
....(..)))†...........##.####
##.###.#####.##.......##.# #.# #.
#.##.......##.####
#.###+#####@####..##..[....#
#.#.......#.# ##.##.##.##.#
#.#.......#.#####.##.##.##.#
#+####.#.......#.#............#.#
.......#.......#.#.###..#.#####.#
......##.......#.#.####.#.#####.#
.........................>.......
#..##.##########.#.####.#..######
#..##.# #....#


There were no monsters in sight!

Vanquished Creatures
  12 adders
  4 worms
  5 dart slugs
  2 leopard geckos
  5 orcs (D:3)
  4 giant cockroaches
  5 goblins
  6 hobgoblins
  2 ball pythons
  7 bats
  4 frilled lizards
  6 kobolds
  7 rats
69 creatures vanquished.

Notes
Turn   | Place    | Note
-------+----------+-------------------------------------------
     0 | D:1      | MordorOrchid the Octopode Fighter began the quest for the
                  | Orb.
     0 | D:1      | Reached XP level 1. HP: 16/16 MP: 1/1
   344 | D:1      | Reached XP level 2. HP: 21/21 MP: 2/2
   429 | D:1      | Reached skill level 1 in Stealth
   683 | D:2      | Reached XP level 3. HP: 19/26 MP: 3/3
   855 | D:2      | Reached XP level 4. HP: 12/31 MP: 4/4
  1357 | D:2      | Found a hide-covered altar of Uskayaw.
  1851 | D:3      | Reached XP level 5. HP: 30/36 MP: 5/5
  2094 | D:3      | Found a glowing silver altar of Zin.
  2117 | D:3      | Became a worshipper of Zin the Law-Giver
  2285 | D:3      | HP: 1/36 [poisoned by an adder]
  2287 | D:3      | Succumbed to an adder's poison

Levels and vault maps discovered:
D:1:      psy_arrival_basics, layout_loops_ring
D:2:      layout_basic, marbit_many_paths
D:3:      layout_basic, lemuel_doored_altar, serial_glass, glass_columns_a,
          glass_columns_c, glass_columns_b, glass_columns_a, glass_columns_b,
          glass_columns_b, glass_columns_b, glass_columns_a, glass_columns_a,
          glass_columns_a

Skill      XL: |  1  2  3  4  5 |
---------------+----------------+-----
Stealth        | 1 2 3 4 |  4.3
Polearms       | 3 4 |  4.0
Fighting       | |  3.0
Dodging        | |  3.6
Shields        | |  3.3

Action                   |  1- 3 |  4- 6 || total
-------------------------+-------+-------++-------
Melee: Trident           |    54 |   101 ||   155
       Constrict         |    11 |    17 ||    28
       Tentacles         |     3 |    14 ||    17
       Dagger            |     1 |     1 ||     2
Throw: Javelin           |       |     5 ||     5
  Use: Scroll            |       |     3 ||     3
       Potion            |       |     3 ||     3
 Stab: Sleeping          |    10 |    12 ||    22
       Distracted        |     1 |       ||     1
  Eat: Chunk             |       |     4 ||     4
Armor: Skin              |     3 |     5 ||     8
Dodge: Dodged            |    15 |    26 ||    41
Block: Shield            |    10 |    25 ||    35

Table legend:
 A = Non-vault XP
 B = Vault XP
 C = Vault XP percentage of total XP
 D = Non-vault monster count
 E = Vault monster count
 F = Vault count percentage of total count
                 A         B        C        D         E       F
            +---------+---------+-------+---------+---------+-------
      Total |     280 |       1 |   0.4 |      68 |       1 |   1.4
            +---------+---------+-------+---------+---------+-------
        D:1 |      28 |       0 |   0.0 |      15 |       0 |   0.0
        D:2 |      89 |       1 |   1.1 |      21 |       1 |   4.5
        D:3 |     163 |       0 |   0.0 |      32 |       0 |   0.0
            +---------+---------+-------+---------+---------+-------
